 Dungeon Crawl Stone Soup version 0.31.0-9-g3a7656b989 (webtiles) character file.

Game seed: 3749865273686193626

7 qw the Shooter (level 1, 0/10 HPs)
             Began as a Spriggan Hunter on Feb 2, 2024.
             Slain by a jackal (2 damage)
             ... on level 1 of the Dungeon.
             The game lasted 00:00:01 (273 turns).

qw the Shooter (Spriggan Hunter)                     Turns: 273, Time: 00:00:01

Health: 0/10       AC:  2    Str:  7    XL:     1   Next: 91%
Magic:  2/2        EV: 18    Int: 10    God:
Gold:   51         SH:  0    Dex: 18    Spells: 0/0 levels left

rFire   . . .        a - +0 shortbow
rCold   . . .        (shield currently unavailable)
rNeg    . . .        c - +0 robe
rPois   .            (helmet restricted)
rElec   .            (no cloak)
rCorr   .            (gloves unavailable)
SInv    +            (boots unavailable)
Will    .....        (no amulet)
Stlth   ++           (no ring)
HPRegen 0.21/turn    (no ring)
MPRegen 0.08/turn

%: no passive effects
@: very quick
A: very small, no large weapons, unfitting armour, see invisible, speed 3
a: no special abilities


You were on level 1 of the Dungeon.
You visited 1 branch of the dungeon, and saw 1 of its levels.

You collected 51 gold pieces.


Innate Abilities, Weirdness & Mutations

You are very small and have problems with some larger weapons.
You are too small for most types of armour.
You have supernaturally acute eyesight. (SInv)
You cover ground extremely quickly. (Speed+++)


   Skills:
 - Level 1.5 Fighting
 - Level 4.0 Ranged Weapons
 + Level 3.6 Dodging
 - Level 1.5 Stealth


You couldn't memorise any spells.
You didn't know any spells.
Your spell library was empty.

Inventory:

Hand Weapons
 a - a +0 shortbow (weapon)
Armour
 c - a +0 robe (worn)
Jewellery
 g - a +6 ring of strength
Scrolls
 b - a scroll of butterflies
 d - a scroll of vulnerability {unknown}
 e - 3 scrolls of fear {unknown}
 f - a scroll of summoning {unknown}
 i - 2 scrolls of identify {unknown}
 j - a scroll of fog {unknown}
Potions
 h - a potion of curing {unknown}

Dungeon Overview and Level Annotations

Branches:
Dungeon (1/15)

Altars:


Message History

You shoot an arrow.
The arrow completely misses the ball python.
The jackal barks!
A jackal comes into view. x2
You shoot an arrow.
The arrow barely misses the ball python.
The jackal barks! x2
You shoot an arrow.
The arrow completely misses the ball python.
You shoot an arrow.
The arrow barely misses the ball python.
The ball python completely misses you. The ball python barely misses you.
The ball python bites you. The ball python closely misses you.
You shoot an arrow. The arrow hits the ball python!
You kill the ball python!
You shoot an arrow. The arrow closely misses the jackal.
The jackal bites you.
You shoot an arrow. The arrow closely misses the jackal.
The jackal misses you. The jackal bites you.
You shoot an arrow. The arrow hits the jackal!
You kill the jackal!
The jackal completely misses you. The jackal bites you. x2
You shoot an arrow. The arrow closely misses the jackal.
The jackal barely misses you. The jackal misses you.
The jackal closely misses you.
You shoot an arrow. The arrow hits the jackal.
The jackal is heavily wounded.
The jackal closely misses you. The jackal misses you. The jackal bites you.
You shoot an arrow. The arrow hits the jackal.
You kill the jackal!
The jackal closely misses you. The jackal barely misses you.
You shoot an arrow. The arrow barely misses the jackal.
The jackal misses you. The jackal bites you.
You shoot an arrow.
The arrow hits the jackal but does no damage.
The jackal bites you but does no damage.
You shoot an arrow.
The arrow hits the jackal but does no damage.
The jackal closely misses you. The jackal bites you.
You die...

#.#.. ###.#.##
#...... ...##
#.#.#.#####...
#.#..... ....#
#.#...# #...# #.#
.#####.#...# #...# .
... ......h@...#
#...# . #.#
.#####.#...####...###
# #.#
#.##...........# #
#.# #. #.#####.)####
# #.# #. #.# #..# #
#.# .. #:# #..#
###.#######
#.##.#####..#
...........
....>.......#
###.#######
#.####...#


You could see a jackal.

Vanquished Creatures
  An endoplasm (D:1)
  A hobgoblin (D:1)
  2 jackals (D:1)
  A ball python (D:1)
  A bat (D:1)
  A kobold (D:1)
7 creatures vanquished.

Notes
Turn   | Place    | Note
-------+----------+-------------------------------------------
     0 | D:1      | qw the Spriggan Hunter began the quest for the Orb.
     0 | D:1      | Reached XP level 1. HP: 10/10 MP: 2/2
     0 | D:1      | 0 ||| qw: Version: 0.3-a-155-g5e7d8dd
     0 | D:1      | 0 ||| qw: Game counter: 2162
     0 | D:1      | 0 ||| qw: Melee chars always use a shield: true
     0 | D:1      | 0 ||| qw: God list: Okawaru
     0 | D:1      | 0 ||| qw: Allow faded altars: false
     0 | D:1      | 0 ||| qw: Do Orc after clearing Dungeon:15 true
     0 | D:1      | 0 ||| qw: Do second Lair branch before Depths: true
     0 | D:1      | 0 ||| qw: Lair rune preference: random
     0 | D:1      | 0 ||| qw: Goals: Normal
     0 | D:1      | 0 ||| PLANNING D:1-11
   161 | D:1      | Reached skill level 3 in Dodging
   269 | D:1      | HP: 2/10 [jackal (1)]
   273 | D:1      | Slain by a jackal

Levels and vault maps discovered:
D:1:      lemuel_arrival_river_ford, layout_basic, minmay_misc_feat_enclosed

Skill      XL: |  1 |
---------------+----+-----
Dodging        | 3 |  3.6
Fighting       | |  1.5
Ranged Weapons | |  4.0
Stealth        | |  1.5

Action                     || total
---------------------------++-------
   Fire: Shortbow          ||    20
 Armour: Robe              ||     9
  Dodge: Dodged            ||    14

Table legend:
 A = Non-vault XP
 B = Vault XP
 C = Vault XP percentage of total XP
 D = Non-vault monster count
 E = Vault monster count
 F = Vault count percentage of total count
                 A         B        C        D         E       F
            +---------+---------+-------+---------+---------+-------
      Total |      11 |       0 |   0.0 |       7 |       0 |   0.0
            +---------+---------+-------+---------+---------+-------
        D:1 |      11 |       0 |   0.0 |       7 |       0 |   0.0
            +---------+---------+-------+---------+---------+-------
